 Dungeon Crawl Stone Soup version 0.25-a0-109-ge9c0e85935 (webtiles) character file.

Game seed: 6880083776945695789, levelgen mode: deterministic

32946 DavidChitty2 the Eclecticist (level 13, -3/80 HPs)
             Began as a Deep Elf Conjurer on Nov 18, 2019.
             Was a High Priest of Vehumet.
             Slain by a spiny frog (12 damage)
             ... on level 6 of the Lair of Beasts.
             The game lasted 00:40:03 (22763 turns).

DavidChitty2 the Eclecticist (Deep Elf Conjurer)   Turns: 22763, Time: 00:40:04

Health: -3/80      AC:  8    Str:  8    XL:     13   Next: 34%
Magic:  18/43      EV: 22    Int: 26    God:    Vehumet [*****.]
Gold:   782        SH:  5    Dex: 15    Spells: 32/43 levels left

rFire    + . .     SeeInvis +   a - +5 spear of Equilibrium {pierce, *Corrode rElec Str+3 SInv}
rCold    x . .     Gourm    .   N - +0 buckler
rNeg     . . .     Faith    .   J - +2 robe {MR+}
rPois    .         Spirit   .   t - +0 helmet
rElec    +         Reflect  .   C - +0 cloak
rCorr    .         Harm     .   I - +1 pair of gloves
MR       ++...                  (no boots)
Stlth    ++........             (no amulet)
HPRegen  0.23/turn              K - ring of fire
MPRegen  0.28/turn              r - ring of magical power

@: no status effects
A: no striking features
a: Renounce Religion


You were on level 6 of the Lair of Beasts.
You worshipped Vehumet.
Vehumet was extremely pleased with you.
You were hungry.

You visited 3 branches of the dungeon, and saw 18 of its levels.

You collected 782 gold pieces.

Inventory:

Hand Weapons
 a - the +5 spear of Equilibrium (weapon) {pierce, *Corrode rElec Str+3 SInv}
   (You found it on level 10 of the Dungeon)

   It inflicts extra damage upon your enemies.
   It affects your strength (+3).
   It insulates you from electricity.
   It lets you see invisible.
   It may corrode you when you take damage.
 b - a +0 hunting sling
   (You found it on level 1 of the Dungeon)
 D - a +1 dagger of draining
   (You took it off a goblin on level 1 of the Dungeon)
Missiles
 h - 423 stones (quivered)
 q - a throwing net {!f}
 y - 30 sling bullets
Armour
 t - a +0 helmet (worn)
   (You found it on level 3 of the Dungeon)
 C - a +0 cloak (worn)
   (You found it on level 10 of the Dungeon)
 F - a +2 robe of cold resistance
   (You took it off Fannar on level 2 of the Lair of Beasts)
 I - a +1 pair of gloves (worn)
   (You found it on level 2 of the Lair of Beasts)
 J - a +2 robe of magic resistance (worn)
   (You found it on level 4 of the Dungeon)
 L - the +1 cloak of Menkyusk {rF+ Str-5 SInv}
   (You found it on level 3 of the Lair of Beasts)

   It affects your strength (-5).
   It protects you from fire.
   It lets you see invisible.
 N - a +0 buckler (worn)
   (You found it on level 5 of the Dungeon)
Magical Staves
 w - an uncursed staff of cold
   (You took it off Fannar on level 2 of the Lair of Beasts)
Jewellery
 i - an uncursed ring of protection from fire
   (You found it on level 10 of the Dungeon)
 n - an uncursed ring of resist corrosion
   (You found it on level 1 of the Dungeon)
 r - a ring of magical power (right hand)
   (You found it on level 3 of the Dungeon)
 x - an uncursed ring of flight
   (You found it on level 4 of the Dungeon)
 G - an uncursed ring of poison resistance
   (You found it on level 1 of the Lair of Beasts)
 K - a ring of fire (left hand)
   (You found it on level 3 of the Lair of Beasts)
 O - an uncursed ring of wizardry
   (You found it on level 3 of the Lair of Beasts)
Wands
 c - a wand of disintegration (16)
   (You found it on level 6 of the Dungeon)
 d - a wand of iceblast (9)
   (You found it on level 3 of the Lair of Beasts)
 s - a wand of polymorph (7)
   (You found it on level 3 of the Dungeon)
 u - a wand of paralysis (6)
   (You took it off an orc on level 9 of the Dungeon)
 v - a wand of digging (7)
   (You found it on level 2 of the Lair of Beasts)
Scrolls
 m - 3 scrolls of fear
 o - 5 scrolls of teleportation {@r4}
 E - a scroll of magic mapping
 P - a scroll of remove curse {@r2}
 S - a scroll of fog {unknown}
Potions
 f - 7 potions of curing {@q1}
 g - 2 potions of lignification {!q}
 j - a potion of cancellation
 k - a potion of heal wounds {@q2}
 l - a potion of flight
 p - 2 potions of mutation {!q}
 z - 3 potions of might
 A - 3 potions of agility
 B - a potion of ambrosia
 H - a potion of brilliance
 Q - a potion of resistance
Comestibles
 e - 29 rations {!d}


   Skills:
 + Level 9.1 Fighting
 + Level 14.4 Dodging
 - Level 2.4 Stealth
 - Level 4.0 Shields
 + Level 15.6 Spellcasting
 - Level 11.0 Conjurations


You had 32 spell levels left.
You knew the following spells:

 Your Spells              Type           Power        Failure   Level  Hunger
a - Magic Dart            Conj           ####         1%          1    None
q - Sticky Flame          Conj/Fire      ######..     1%          4    None
s - Searing Ray           Conj           ######       1%          2    None
x - Iskenderun's Mystic   Conj           ######..     1%          4    None

Your spell library contained the following spells:

 Spells                   Type           Power        Failure   Level  Hunger
 Airstrike                Air            ###.......   7%          4    None
 Sandblast                Erth           ###...       1%          1    None
 Dazzling Spray           Conj/Hex       #####.       1%          3    None
 Stone Arrow              Conj/Erth      #####.       1%          3    None
 Force Lance              Conj/Tloc      #####...     1%          4    None
 Fulminant Prism          Conj/Hex       #####.....   1%          4    None
 Passwall                 Tmut/Erth      ###.....     4%          2    None
 Lee's Rapid Deconstruct  Erth           ###.......   19%         5    None
 Petrify                  Tmut/Erth      ###.....     26%         4    None


Dungeon Overview and Level Annotations

Branches:
Dungeon (11/15)            Temple (1/1) D:4            Lair (6/6) D:9
  Swamp (0/4) Lair:3       Spider (0/4) Lair:4        Slime (0/5) Lair:6
    Orc: D:9-12

Altars:
Ashenzari
Cheibriados
Dithmenos
Elyvilon
Fedhas
Gozag
Hepliaklqana
Kikubaaqudgha
Makhleb
Nemelex Xobeh
Okawaru
Qazlal
Ru
Sif Muna
Trog
Uskayaw
Vehumet
Wu Jian
Xom
Yredelemnul
Zin
The Shining One
Jiyva

Shops:
D:4 !   D:6 (

Annotations:
D:10 2 transporters, DEFE's ghost, novice DrFi
Lair:6 1 runed translucent door, 1 exclusion


Message History

Being near the torpor snail leaves you feeling lethargic.
You feel yourself speed up. The yak completely misses you.
Found 6 gold pieces.
Being near the torpor snail leaves you feeling lethargic.
You feel yourself speed up. The yak barely misses you.
Being near the torpor snail leaves you feeling lethargic.
A five-headed hydra comes into view.
You feel yourself speed up.
The five-headed hydra roars!
Being near the torpor snail leaves you feeling lethargic.
A spiny frog comes into view.
You feel yourself speed up. The yak completely misses you.
Being near the torpor snail leaves you feeling lethargic.
You feel yourself speed up. The yak closely misses you.
Being near the torpor snail leaves you feeling lethargic.
You feel yourself speed up.
Being near the torpor snail leaves you feeling lethargic.
You feel yourself speed up. The spiny frog closely misses you.
The yak completely misses you. The spiny frog closely misses you.
You block the yak's attack.
Being near the torpor snail leaves you feeling lethargic.
A six-headed hydra comes into view.
You feel yourself speed up. The spiny frog misses you.
Being near the torpor snail leaves you feeling lethargic.
The six-headed hydra moves out of view.
You feel yourself speed up. The yak misses you. The yak closely misses you.
You block the yak's attack.
Being near the torpor snail leaves you feeling lethargic.
The five-headed hydra bites you.
* * * LOW HITPOINT WARNING * * *
You block the five-headed hydra's attack.
The five-headed hydra closely misses you.
You block the five-headed hydra's attack.
The five-headed hydra barely misses you.
You feel yourself speed up.
The five-headed hydra completely misses you.
The five-headed hydra misses you. x3; The five-headed hydra bites you!
* * * LOW HITPOINT WARNING * * *
You block the spiny frog's attack. The spiny frog misses you.
The spiny frog closely misses you.
Your magical contamination has completely faded away.
The spiny frog closely misses you. The spiny frog stings you!
You die...

##...#..+J.> .........#.#.
##..P..#J.. .......#.##w.
#...PP.### ......#....# ##P...##
#.###....P# ########.....##
##.........# ##.#..#......#.#
###.........## P#.............##
##............#
.....##.###.....###.Y...........#
#.P.###.#####...@FYDF...........#
#.### ##.#######...YY............
### ##.P.#.###...............#
##....####...^..........##
#.......#.......#.......#
#........#P.P##.##......#
#.........PP######.....##
##...........# ##...P#
#P..........## ###..#


You could see a five-headed hydra, 4 yaks and 2 spiny frogs.

Vanquished Creatures
  Fannar (Lair:2)
  5 hydras
  Erica (Lair:2)
  2 two-headed ogres
  An alligator (Lair:4)
  A lindwurm (Lair:6)
  4 elephants
  3 black mambas
  A torpor snail (Lair:3)
  Joseph (D:10)
  10 spiny frogs
  7 komodo dragons
  2 rime drakes
  6 polar bears
  2 slime creatures (Lair:4)
  7 blink frogs
  2 hippogriffs
  2 dream sheep (D:10)
  2 spriggans (Lair:5)
  28 yaks
  2 basilisks
  A vampire mosquito (Lair:4)
  2 hungry ghosts
  A warg (Lair:6)
  An acid dragon (Lair:6)
  A soldier ant (D:9)
  3 swamp worms (Lair:4)
  9 porcupines
  4 orc warriors
  A hell hound (Lair:6)
  9 water moccasins
  4 swamp drakes
  3 ice beasts
  2 black bears
  3 sky beasts
  A phantom (D:6)
  An ogre (D:6)
  10 wolves
  A centaur (D:5)
  9 crocodiles
  3 big kobolds (D:10)
  A gnoll sergeant (D:8)
  17 bullfrogs
  5 scorpions
  10 wights
  2 electric eels (Lair:2)
  6 crimson imps
  A quasit (D:10)
  A jelly (D:10)
  2 orc priests
  5 bullfrog skeletons
  A centaur zombie (D:6)
  2 hounds
  2 centaur skeletons
  6 orc wizards
  4 iguanas
  5 hell rats (Lair:5)
  7 worker ants
  A killer bee zombie (D:5)
  7 gnolls
  9 adders
  A shadow imp (D:5)
  An ooze (D:4)
  An adder skeleton (D:6)
  An adder zombie (D:8)
  A dart slug (D:1)
  3 leopard geckos
  24 orcs
  5 giant cockroaches
  8 goblins
  5 hobgoblins
  6 jackals
  14 kobolds
  6 quokkas
  A ball python skeleton (D:5)
  7 bats
  9 frilled lizards
  A jackal skeleton (D:6)
  4 rats
  2 fungi
  5 plants
358 creatures vanquished.

Vanquished Creatures (others)
  6 fungi
  23 plants
29 creatures vanquished.

Grand Total: 387 creatures vanquished

Notes
Turn   | Place    | Note
-------+----------+-------------------------------------------
     0 | D:1      | DavidChitty2 the Deep Elf Conjurer began the quest for the
                  | Orb.
     0 | D:1      | Reached XP level 1. HP: 10/10 MP: 6/6
   255 | D:1      | Reached XP level 2. HP: 15/15 MP: 5/8
   284 | D:1      | Learned a level 2 spell: Searing Ray
  1084 | D:2      | Reached skill level 5 in Conjurations
  1099 | D:2      | Reached XP level 3. HP: 19/19 MP: 5/10
  1506 | D:2      | Reached XP level 4. HP: 24/24 MP: 6/11
  1512 | D:2      | Learned a level 4 spell: Iskenderun's Mystic Blast
  1768 | D:2      | Reached skill level 4 in Spellcasting
  1981 | D:2      | Found an opulent altar of Gozag.
  1981 | D:2      | Found a burning altar of Makhleb.
  1982 | D:2      | Found a hazy altar of Hepliaklqana.
  2220 | D:3      | Found a hide-covered altar of Uskayaw.
  2220 | D:3      | Found a snail-covered altar of Cheibriados.
  2324 | D:3      | Noticed a sky beast
  2335 | D:3      | Killed a sky beast
  2335 | D:3      | Reached XP level 5. HP: 28/28 MP: 4/13
  2892 | D:3      | Found a sacrificial altar of Ru.
  3128 | D:4      | Reached XP level 6. HP: 14/32 MP: 7/15
  3428 | D:4      | Found a staircase to the Ecumenical Temple.
  3449 | Temple   | Entered the Ecumenical Temple
  3456 | Temple   | Became a worshipper of Vehumet
  3598 | D:4      | Found Dise's Distillery.
  3640 | D:4      | Reached skill level 5 in Spellcasting
  3818 | D:4      | Found a basalt altar of Yredelemnul.
  3878 | D:4      | Noticed an ice beast
  4687 | D:4      | Killed an ice beast
  4822 | D:4      | Reached XP level 7. HP: 36/36 MP: 1/17
  5039 | D:5      | Entered Level 5 of the Dungeon
  5056 | D:5      | Reached skill level 5 in Dodging
  5534 | D:5      | Found a glowing golden altar of the Shining One.
  5892 | D:5      | Reached skill level 1 in Shields
  5892 | D:5      | Reached skill level 6 in Spellcasting
  6888 | D:6      | Reached * piety under Vehumet
  6888 | D:6      | Offered knowledge of Sandblast by Vehumet.
  6895 | D:6      | Reached XP level 8. HP: 39/41 MP: 4/19
  7190 | D:6      | Reached skill level 7 in Spellcasting
  8100 | D:6      | Found Ycairiz's Weapon Emporium.
  8499 | D:7      | Found a shadowy altar of Dithmenos.
  8611 | D:7      | Reached XP level 9. HP: 33/45 MP: 16/22
  8739 | D:7      | Reached skill level 8 in Spellcasting
  8903 | D:7      | Found a glowing golden altar of the Shining One.
  9438 | D:8      | Noticed a two-headed ogre
  9444 | D:8      | Killed a two-headed ogre
  9444 | D:8      | Reached skill level 10 in Conjurations
  9550 | D:8      | Reached ** piety under Vehumet
  9680 | D:8      | Offered knowledge of Shock by Vehumet.
  9680 | D:8      | Reached skill level 9 in Spellcasting
 10029 | D:9      | Reached skill level 1 in Fighting
 10479 | D:9      | Reached XP level 10. HP: 53/53 MP: 19/25
 10738 | D:9      | Found a staircase to the Lair.
 10894 | D:9      | Reached skill level 10 in Spellcasting
 10901 | D:9      | Offered knowledge of Throw Frost by Vehumet.
 11562 | D:10     | Entered Level 10 of the Dungeon
 11613 | D:10     | Noticed DEFE's ghost (novice DrFi)
 11614 | D:10     | Found a transporter.
 11614 | D:10     | Found a transporter.
 11972 | D:10     | Noticed a three-headed hydra
 11978 | D:10     | Killed a three-headed hydra
 11978 | D:10     | Reached skill level 10 in Dodging
 12076 | D:10     | Noticed a two-headed ogre
 12216 | D:10     | Reached skill level 11 in Spellcasting
 12219 | D:10     | Reached *** piety under Vehumet
 12221 | D:10     | Noticed Joseph
 12253 | D:10     | Killed Joseph
 12507 | D:10     | Got an iridescent spear
 12527 | D:10     | Identified the +5 spear of Equilibrium {pierce, *Corrode
                  | rElec Str+3 SInv} (You found it on level 10 of the Dungeon)
 12643 | D:10     | Noticed a two-headed ogre
 12657 | D:10     | Killed a two-headed ogre
 12657 | D:10     | Reached XP level 11. HP: 60/62 MP: 28/28
 13315 | Lair:1   | Entered Level 1 of the Lair of Beasts
 13546 | Lair:1   | Found a shimmering blue altar of Sif Muna.
 13693 | Lair:1   | Reached skill level 5 in Fighting
 14118 | Lair:1   | Reached skill level 12 in Spellcasting
 14326 | Lair:2   | Offered knowledge of Sticky Flame by Vehumet.
 14361 | Lair:2   | Learned a level 4 spell: Sticky Flame
 14568 | Lair:2   | Noticed Fannar
 14578 | Lair:2   | Killed Fannar
 15536 | Lair:2   | Noticed Erica
 15543 | Lair:2   | Killed Erica
 15543 | Lair:2   | Reached skill level 13 in Spellcasting
 15887 | Lair:2   | Reached XP level 12. HP: 39/71 MP: 13/31
 16171 | Lair:2   | Reached **** piety under Vehumet
 16497 | Lair:3   | Got a heavily runed leather armour
 16514 | Lair:3   | Identified the cursed +1 leather armour of Gor Guato
                  | {Int+4} (You found it on level 3 of the Lair of Beasts)
 16617 | Lair:3   | Got an ichor-stained cloak
 16642 | Lair:3   | Offered knowledge of Airstrike by Vehumet.
 17516 | Lair:3   | Found a staircase to the Swamp.
 18136 | Lair:4   | Reached skill level 14 in Spellcasting
 18139 | Lair:4   | Noticed a six-headed hydra
 18147 | Lair:4   | Killed a six-headed hydra
 18151 | Lair:4   | Noticed a six-headed hydra
 18498 | Lair:4   | Noticed an alligator
 18504 | Lair:4   | Killed an alligator
 18725 | Lair:4   | Killed a six-headed hydra
 18856 | Lair:4   | Noticed a seven-headed hydra
 18865 | Lair:4   | Killed a seven-headed hydra
 19266 | Lair:4   | Found a hole to the Spider Nest.
 20024 | Lair:5   | Identified the +1 cloak of Menkyusk {rF+ Str-5 SInv} (You
                  | found it on level 3 of the Lair of Beasts)
 20377 | Lair:5   | Found an iron altar of Okawaru.
 20647 | Lair:5   | Reached skill level 15 in Spellcasting
 20748 | Lair:5   | Reached XP level 13. HP: 79/79 MP: 33/34
 21300 | Lair:6   | Entered Level 6 of the Lair of Beasts
 21637 | Lair:6   | Found a runed translucent door.
 21638 | Lair:6   | Found a viscous altar of Jiyva.
 21783 | Lair:6   | Found a staircase to the Slime Pits.
 22711 | Lair:6   | Reached ***** piety under Vehumet
 22715 | Lair:6   | Noticed a fire dragon
 22763 | Lair:6   | Slain by a spiny frog

Levels and vault maps discovered:
D:1:      dpeg_arrival_boxes_within_box, layout_basic, hangedman_decor_riveting
D:2:      layout_rooms, gammafunk_temple_overflow_forgotten
D:3:      layout_basic, nicolae_ru_the_path_less_chosen,
          gammafunk_temple_overflow_wave, first_ration, grunt_ministairs_13,
          minmay_vboxes
D:4:      layout_basic, lemuel_coloured_pillars_altar, temple_pool_b,
          serial_shops, shop
D:5:      layout_gridville, tso_oasis_becter
D:6:      layout_loops_ring, serial_shops, nicolae_shop_crystal,
          minmay_strange_pillars
D:7:      layout_basic, grunt_dithmenos_smoke_and_mirrors, basic_altar,
          serial_rivers, chequers_serial_rivers_micro_e,
          chequers_serial_rivers_small_a, chequers_serial_rivers_micro_a,
          chequers_serial_rivers_room_a, chequers_serial_rivers_micro_c
D:8:      black_bear_nest_2, layout_rooms
D:9:      layout_long_grid, grunt_lair_entry_orc_guard_hut
D:10:     layout_grid_maze, gammafunk_ghost_smash, hangedman_ranch
          [blue_anna_fruit_fields], uniq_joseph
D:11:     layout_roguey, uniq_psyche, uniq_snorg
Temple:   cyrus_circular_temple
Lair:1:   layout_chaotic_city, basic_altar, st_stairs_6, pond,
          infiniplex_staircase_pool_2
Lair:2:   layout_hall_layers, st_stairs_3, nicolae_quartered_pool_medium,
          uniq_fannar, uniq_erica
Lair:3:   layout_roguey, swamp_mist, grunt_megastairs_1
Lair:4:   onia_ninara_swampy_vault, layout_hall_layers, spider_nest_entry_webs,
          cheibrodos_lair_lostbears
Lair:5:   wad_woods_stonehenge, layout_big_grid, minivault_26,
          minmay_stone_trees_small
Lair:6:   hangedman_lair_caniforms_friends, layout_cave_pods,
          guppyfry_lair_end_dragon, slime_altar_2, uniq_nessos

Skill      XL: |  1  2  3  4  5  6  7  8  9 10 11 12 13 |
---------------+----------------------------------------+-----
Dodging        | 3 4 5 7 8 10 12 13 14 | 14.4
Conjurations   | 5 6 7 8 9 10 11 | 11.0
Spellcasting   | 4 5 6 7 9 11 13 15 | 15.6
Shields        | 2 4 |  4.0
Fighting       | 2 4 6 8 9 |  9.1
Stealth        | |  2.4

Action                   |  1- 3 |  4- 6 |  7- 9 | 10-12 | 13-15 || total
-------------------------+-------+-------+-------+-------+-------++-------
Melee: Dagger            |       |       |    15 |       |       ||    15
       Spear             |       |       |       |     8 |    36 ||    44
 Fire: Hunting sling     |       |       |     1 |       |       ||     1
 Cast: Magic Dart        |    80 |   105 |   178 |   127 |    10 ||   500
       Iskenderun's Myst |       |    12 |    91 |   357 |   104 ||   564
       Sticky Flame      |       |       |       |     1 |       ||     1
 Abil: Evoke Flight      |       |       |       |     2 |       ||     2
  Use: Scroll            |       |       |    14 |     8 |     4 ||    26
  Eat: Chunk             |     2 |     4 |    18 |    27 |     3 ||    54
       Ration            |       |     2 |     2 |     1 |     1 ||     6
Armor: Robe              |       |     4 |    10 |    29 |     3 ||    46
Dodge: Dodged            |     3 |    28 |    78 |   166 |    56 ||   331
Block: Buckler           |       |       |    20 |    54 |    16 ||    90

Table legend:
 A = Non-vault XP
 B = Vault XP
 C = Vault XP percentage of total XP
 D = Non-vault monster count
 E = Vault monster count
 F = Vault count percentage of total count
                 A         B        C        D         E       F
            +---------+---------+-------+---------+---------+-------
      Total |   30026 |   17040 |  36.2 |     283 |      68 |  19.4
            +---------+---------+-------+---------+---------+-------
        D:1 |      37 |       0 |   0.0 |      22 |       0 |   0.0
        D:2 |      86 |       0 |   0.0 |      27 |       0 |   0.0
        D:3 |     189 |      12 |   6.0 |      13 |       7 |  35.0
        D:4 |     422 |       0 |   0.0 |      14 |       0 |   0.0
        D:5 |     440 |       0 |   0.0 |      15 |       0 |   0.0
        D:6 |    1334 |       0 |   0.0 |      31 |       0 |   0.0
        D:7 |     560 |       0 |   0.0 |      15 |       0 |   0.0
        D:8 |    1377 |     131 |   8.7 |      12 |       1 |   7.7
        D:9 |    2056 |     553 |  21.2 |      23 |       6 |  20.7
       D:10 |    1743 |    2584 |  59.7 |      15 |       9 |  37.5
     Lair:1 |    3035 |     937 |  23.6 |      14 |       6 |  30.0
     Lair:2 |    5243 |    1914 |  26.7 |      22 |       2 |   8.3
     Lair:3 |    2169 |     991 |  31.4 |       7 |       3 |  30.0
     Lair:4 |    3921 |    5903 |  60.1 |      19 |      13 |  40.6
     Lair:5 |    2698 |    1238 |  31.5 |      15 |       8 |  34.8
     Lair:6 |    4716 |    2777 |  37.1 |      19 |      13 |  40.6
            +---------+---------+-------+---------+---------+-------
